 Dungeon Crawl Stone Soup version 0.30-a0-760-g5a9884bb7c (webtiles) character file.

Game seed: 12891272958471807532

51 Sabo the Firebug (level 3, -2/21 HPs)
             Began as an Octopode Fire Elementalist on Feb 11, 2023.
             Slain by a gnoll
             ... wielding a +0 spear
              (9 damage)
             ... on level 2 of the Dungeon.
             The game lasted 00:09:18 (1812 turns).

Sabo the Firebug (Octopode Fire Elementalist)       Turns: 1812, Time: 00:09:19

Health: -2/21      AC:  1    Str:  7    XL:     3   Next: 83%
Magic:  3/6        EV: 13    Int: 19    God:
Gold:   77         SH:  0    Dex: 12    Spells: 5/6 levels left

rFire   . . .      SeeInvis .    d - +0 hand axe
rCold   . . .      Faith    .    (no shield)
rNeg    . . .      Spirit   .    (helmet restricted)
rPois   .          Reflect  .    (no amulet)
rElec   .          Harm     .    m - ring of resist corrosion
rCorr   +          Rampage  .    (no ring)
Will    .....                    (no ring)
Stlth   +++                      (no ring)
HPRegen 0.23/turn                (no ring)
MPRegen 0.10/turn                (no ring)
                                 (no ring)
                                 (no ring)

@: no status effects
A: almost no armour, amphibious, 8 rings, camouflage 1, gelatinous body 1,
(nimble swimmer 1), tentacles
a: no special abilities


You were on level 2 of the Dungeon.
You visited 1 branch of the dungeon, and saw 2 of its levels.

You collected 77 gold pieces.

Inventory:

Hand Weapons
 d - a +0 hand axe (weapon)
Armour
 g - a +1 kite shield
Jewellery
 m - a ring of resist corrosion (left tentacle)
Scrolls
 b - a scroll of butterflies
 c - a scroll of blinking
 f - a scroll of immolation
 i - a scroll of fear {unknown}
 j - a scroll of teleportation {unknown}
 k - a scroll of enchant armour
Potions
 a - a potion of magic
 e - a potion of degeneration {unknown}
 h - a potion of flight {unknown}
 l - a potion of might {unknown}


   Skills:
 + Level 0.1 Fighting
 + Level 0.5 Axes
 + Level 2.3 Dodging
 + Level 3.4 Stealth
 + Level 2.3 Spellcasting
 + Level 1.3 Conjurations
 + Level 3.6 Fire Magic


You had 5 spell levels left.
You knew the following spells:

 Your Spells              Type           Power      Damage    Failure   Level
a - Foxfire               Conj/Fire      44%        2x1d6     6%          1

Your spell library contained the following spells:

 Spells                   Type           Power      Damage    Failure   Level
 Scorch                   Fire           32%        2d7       5%          2
 Inner Flame              Hex/Fire       9%         N/A       24%         3
 Kindle Blastsparks       Fire/Tloc/Air  12%        2d11      30%         3
 Flame Wave               Conj/Fire      11%        2d6       52%         4


Dungeon Overview and Level Annotations

Branches:
Dungeon (2/15)

Altars:


Innate Abilities, Weirdness & Mutations

You cannot wear most types of armour.
You are amphibious.
You can wear up to eight rings at the same time.
Your skin changes colour to match your surroundings (Stealth+).
Your rubbery body absorbs attacks. (AC +1, EV +1)
((You are camouflaged when in or above water. (Stealth+)))
You have tentacles for arms and can constrict up to eight enemies at once.


Message History

You see here a rat corpse.
You start resting.
HP restored.
Casting: Foxfire (safe; 6% risk of failure)
Confirm with . or Enter, or press ? or * to list all spells.
You conjure some foxfire!
Your foxfire dissipates!
The foxfire hits the gnoll.
The gnoll is moderately wounded.
Casting: Foxfire (safe; 6% risk of failure)
Confirm with . or Enter, or press ? or * to list all spells.
You don't know that spell.
Casting: Foxfire (safe; 6% risk of failure)
Confirm with . or Enter, or press ? or * to list all spells.
You conjure some foxfire!
The foxfire hits the gnoll.
The gnoll is severely wounded.
The foxfire hits the gnoll.
The gnoll is almost dead.
You hear a shout!
Casting: Foxfire (safe; 6% risk of failure)
Confirm with . or Enter, or press ? or * to list all spells.
You conjure some foxfire!
A gnoll comes into view. It is wielding a +0 spear.
The foxfire hits the gnoll.
You kill the gnoll!
The foxfire hits the gnoll.
The gnoll is lightly wounded.
The gnoll barely misses you.
The gnoll hits you from afar with a +0 spear!
You see here a rat corpse.
Casting: Foxfire (safe; 6% risk of failure)
Confirm with . or Enter, or press ? or * to list all spells.
You conjure some foxfire!
Your foxfire dissipates!
The gnoll hits you with a +0 spear!
You hit the gnoll. Your grab misses the gnoll.
The gnoll is lightly wounded.
The gnoll hits you with a +0 spear!
You die...

#.# #....# #.#
#...## #.# ##...# #
#.# ...# .####. #.#
# #..# ###......
..#.#####..##
#.......#
.....#......# #.#
.#...# ##$..#####§#
###..#.##....†gg@v#
# #..#.....#####.#
# ###..#.####)#
#.#####.# .#...# #
#.# #.......# #.#
#g# ####.#### #.###
... #......# #...#
... #.#.##.# #...#
.$.g #>..##.#
#...### .....
#..###.#


You could see 2 gnolls.

Vanquished Creatures
  A gnoll (D:2)
  An adder (D:2)
  A dart slug (D:2)
  A ball python (D:2)
  2 endoplasms (D:1)
  5 giant cockroaches (D:1)
  4 goblins
  5 hobgoblins (D:1)
  2 quokkas (D:1)
  A bat (D:1)
  A frilled lizard (D:2)
  A kobold (D:1)
  3 rats
28 creatures vanquished.

Vanquished Creatures (others)
  40 foxfires
40 creatures vanquished.

Grand Total: 68 creatures vanquished

Notes
Turn   | Place    | Note
-------+----------+-------------------------------------------
     0 | D:1      | Sabo the Octopode Fire Elementalist began the quest for the
                  | Orb.
     0 | D:1      | Reached XP level 1. HP: 11/11 MP: 3/3
   234 | D:1      | Reached XP level 2. HP: 17/17 MP: 1/5
   511 | D:1      | Found a faded altar of an unknown god.
   511 | D:1      | Noticed a red devil
  1013 | D:1      | Reached XP level 3. HP: 20/21 MP: 4/6
  1318 | D:2      | Identified the +0 robe of Idealism {rN++ Dex+7}
  1812 | D:2      | Slain by a gnoll

Illustrated notes

Levels and vault maps discovered:
D:1:      minmay_arrival_loop, layout_loops_ring,
          dreamdust_ecumenical_altar_sealed_demon, minmay_misc_feat_cross
D:2:      layout_loops_cross

Skill      XL: |  1 |
---------------+----+-----
Stealth        | 3 |  3.4
Fighting       | |  0.1
Axes           | |  0.5
Dodging        | |  2.3
Spellcasting   | |  2.3
Conjurations   | |  1.3
Fire Magic     | |  3.6

Action                     || total
---------------------------++-------
  Melee: Hand axe          ||    40
         Constrict         ||    10
         Tentacles         ||     7
   Cast: Foxfire           ||    23
    Use: Scroll            ||     5
   Stab: Sleeping          ||     2
 Armour: Skin              ||     3
  Dodge: Dodged            ||    21

Table legend: (Time is in decaauts)
 A = Elapsed time spent in this place.
 B = Non-inter-level travel time spent in this place.
 C = Inter-level travel time spent in this place.
 D = Time resting spent in this place.
 E = Time spent auto-exploring this place.
 F = Levels seen in this place.
 G = Mean time per level.
                   A        B        C        D        E       F      G
               +--------+--------+--------+--------+--------+-----+--------+
         Total |   1822 |   1822 |      0 |    485 |      0 |   2 |  911.0 |
       Dungeon |   1822 |   1822 |      0 |    485 |      0 |   2 |  911.0 |
               +--------+--------+--------+--------+--------+-----+--------+

Top non-repeatable levels by time:
     D:1: 1215 daAuts
     D:2: 607 daAuts
